 Dungeon Crawl Stone Soup version 0.30-a0-726-gd89dcf765f (webtiles) character file.

Game seed: 11573658736404432372

3303 scionoferis the Ducker (level 9, -1/73 HPs)
             Began as a Demigod Hexslinger on Jan 29, 2023.
             Slain by mistaj's ghost (4 damage)
             ... on level 4 of the Dungeon.
             The game lasted 00:22:21 (7696 turns).

scionoferis the Ducker (Demigod Hexslinger)         Turns: 7696, Time: 00:22:22

Health: -1/73      AC:  4    Str: 11    XL:     9   Next: 42%
Magic:  13/13      EV: 18    Int: 15    God:
Gold:   2328       SH:  0    Dex: 26    Spells: 9/10 levels left

rFire   . . .      SeeInvis .    a - +3 scimitar
rCold   . . .      Faith    .    (no shield)
rNeg    . . .      Spirit   .    c - +0 robe
rPois   +          Reflect  .    (no helmet)
rElec   .          Harm     .    (no cloak)
rCorr   .          Rampage  .    E - +0 pair of gloves
Will    .....                    w - +0 pair of boots
Stlth   +++                      (no amulet)
HPRegen 0.32/turn                k - ring of poison resistance
MPRegen 0.13/turn                (no ring)

@: no status effects
A: high MP 1, forlorn, divine attributes
a: no special abilities


You were on level 4 of the Dungeon.
You visited 1 branch of the dungeon, and saw 8 of its levels.

You collected 2328 gold pieces.


Innate Abilities, Weirdness & Mutations

You have an increased reservoir of magic. (+10% MP)
You shall have no god before yourself.
Your divine heritage dramatically boosts your attributes as you level up.


   Skills:
 + Level 4.8 Fighting
 * Level 6.4 Long Blades
 - Level 6.3 Ranged Weapons
 + Level 6.5 Dodging
 - Level 4.0 Stealth
 - Level 1.0 Spellcasting
 - Level 2.6 Hexes


You had 9 spell levels left.
You knew the following spells:

 Your Spells              Type           Power      Damage    Failure   Level
a - Slow                  Hex            32%        N/A       9%          1

Your spell library contained the following spells:

 Spells                   Type           Power      Damage    Failure   Level
 Magic Dart               Conj           0%         1d3       24%         1
 Tukima's Dance           Hex            8%         N/A       24%         3
 Call Imp                 Summ           0%         N/A       36%         2
 Inner Flame              Hex/Fire       4%         N/A       38%         3
 Portal Projectile        Hex/Tloc       8%         N/A       38%         3
 Mephitic Cloud           Conj/Pois/Air  0%         N/A       58%         3
 Cause Fear               Hex            4%         N/A       63%         4
 Passage of Golubria      Tloc           0%         N/A       94%         4
 Yara's Violent Unravell  Hex/Tmut       2%         3d3       98%         5

Inventory:

Hand Weapons
 a - a +3 scimitar (weapon)
   (You took it off a wight on level 6 of the Dungeon)
 b - a +0 shortbow
   (You found it on level 5 of the Dungeon)
 A - a +2 short sword of protection
   (You took it off an orc on level 3 of the Dungeon)
 B - a +2 great sword of freezing
   (You took it off a wight on level 6 of the Dungeon)
 G - a +4 great sword
   (You took it off a wight on level 8 of the Dungeon)
Missiles
 f - 5 boomerangs
 n - 30 poisoned darts (quivered)
 s - 3 javelins
Armour
 c - a +0 robe (worn)
 w - a +0 pair of boots (worn)
   (You found it on level 3 of the Dungeon)
 E - a +0 pair of gloves (worn)
   (You found it on level 6 of the Dungeon)
Magical Staves
 l - a staff of cold
   (You found it on level 2 of the Dungeon)
Jewellery
 k - a ring of poison resistance (left hand)
   (You found it on level 2 of the Dungeon)
 C - a ring of ice
   (You found it on level 6 of the Dungeon)
Wands
 H - a wand of charming (8)
   (You found it on level 8 of the Dungeon)
 J - a wand of flame (11)
   (You found it on level 8 of the Dungeon)
Scrolls
 e - 5 scrolls of enchant weapon {unknown}
 g - 3 scrolls of noise
 h - a scroll of amnesia
 i - 4 scrolls of fear
 o - 4 scrolls of teleportation
 r - 2 scrolls of silence
 t - 2 scrolls of fog
 u - a scroll of enchant armour
 v - 3 scrolls of poison
 y - a scroll of immolation {unknown}
 D - a scroll of vulnerability {unknown}
 F - 2 scrolls of butterflies {unknown}
 I - a scroll of blinking {unknown}
Potions
 d - 2 potions of invisibility {unknown}
 j - 3 potions of brilliance {unknown}
 m - 2 potions of curing {unknown}
 p - 2 potions of heal wounds {unknown}
 q - a potion of haste
 x - 2 potions of flight {unknown}
 z - 2 potions of degeneration {unknown}

Dungeon Overview and Level Annotations

Branches:
Dungeon (8/15)             Temple (0/1) D:5
   Lair: D:8-11

Shops:
D:1 :   D:4 *

Annotations:
D:4 mistaj's ghost, novice VSFi
D:5 Sigmund
D:7 1 runed translucent door and arbelest orc

#.##### ##.....# #####.# #..##
##..###########.###.#
##...####...#?(.(...##...##.####
#.......+...#..$..♣(#...........
##...####...#..♣....##...##.####
#..## ##..#....(..###.###.# #
#.## ##.#.(....(#######.# # #.#
#####W''###....##.## # #.#
#..@....####^#...# # ##.##
#.......# #.#...### #...#
#.##.#.#####.......# ##..#
##.##...##..........# ##.#
##...###.............# #.#
#.....#####.####...### #.#
##......# #.# #...#
#.########..###.###.# #####
#...................#


You could see mistaj's ghost.


Message History

a - a +3 scimitar (weapon)
Casting: Slow (safe; 9% risk of failure)
Confirm with . or Enter, or press ? or * to list all spells.
Aiming: Slow (safe; 9% risk of failure)
Press: ? - help, Shift-Dir - straight line, f/p - ice beast
Aim: an ice beast (lightly wounded, chance to affect: 41%)
The ice beast seems to slow down.
You slash the ice beast!
The ice beast is heavily wounded.
The ice beast hits you. The ice beast freezes you. You resist.
You slash the ice beast!
The ice beast is severely wounded.
The ice beast hits you. The ice beast freezes you. You resist.
You slash the ice beast!
You kill the ice beast!
Your Fighting skill increases to level 3!
No target in view!
b - a +0 shortbow (weapon)
Okay, then.
Okay, then.
You remove your ring of ice.
Search for what [Enter for "d:", or ? for help]? armour
There is an escape hatch in the floor here.
You see here a +0 robe.
You now have 2196 gold pieces (gained 14).
Found 4 stones.
Found a stone staircase leading down.
You now have 2207 gold pieces (gained 11).
You now have 2225 gold pieces (gained 18).
Found a pair of gloves.
D - a scroll labelled LITARE CIWYEPI Sorry, I don't know how to traverse that place.
You see here a +0 pair of gloves.
E - a +0 pair of gloves You start putting on your armour.
You continue putting on your +0 pair of gloves. x4
You finish putting on your +0 pair of gloves.
Done exploring.
Done exploring.
There is a stone staircase leading down here.
Unknown command.
You climb downwards.
Found a fuming pink potion.
Found a runed translucent door.
There is a stone staircase leading up here.
You shoot an arrow. The arrow hits the orc.
The orc is lightly wounded.
You hear a shout! x2
You shoot an arrow. The arrow barely misses the orc.
A shadow imp comes into view.
You shoot an arrow. The arrow hits the orc.
The orc is heavily wounded.
You hear a shout!
An orc priest comes into view. It is wielding a +0 flail.
You hear a shout! x2
Fire: b) +0 shortbow
Press: ? - help, Q - select action, (/) - cycle Shift-Dir - straight line, f - orc priest, p - orc
Aim: an orc priest, wielding a +0 flail (67% to hit)
You shoot an arrow. The arrow hits the orc.
The orc is severely wounded.
An orc comes into view. It is wielding a +0 short sword.
The orc closely misses you.
Fire: b) +0 shortbow
Press: ? - help, Q - select action, (/) - cycle Shift-Dir - straight line, f/p - orc priest
Aim: an orc priest, wielding a +0 flail (67% to hit)
You shoot an arrow. The arrow hits the orc.
You kill the orc!
You hear a shout!
The shadow imp picks up a beetle and eats it.
An orc comes into view. It is wielding a +2 heavy hand axe.
An orc warrior comes into view. It is wielding a +0 glaive.
An orc comes into view. It is wielding a +0 flail.
Fire: b) +0 shortbow
Press: ? - help, Q - select action, (/) - cycle Shift-Dir - straight line, f - orc warrior, p - orc priest
Aim: an orc warrior, wielding a +0 glaive and wearing a +0 chain mail (64% to hit)
You shoot an arrow. The arrow hits the orc priest!
The orc priest is heavily wounded.
The orc priest looks satisfied for a moment.
The shadow imp gestures at you.
You struggle to resist.
The orc priest closely misses you.
You climb upwards.
There is a stone staircase leading down here.
a - a +3 scimitar (weapon)
You barely miss the orc priest.
The orc priest is heavily wounded.
The orc priest mumbles some strange prayers to Beogh against you.
Pain shoots through your body!
You slice the orc priest!!
You kill the orc priest!
No target in view!
There is a stone staircase leading down here.
b - a +0 shortbow (weapon)
You climb downwards.
Level annotation: 1 runed translucent door
Found a glowing red potion.
There is a stone staircase leading up here.
A sky beast comes into view.
Found 4 gold pieces.
You shoot an arrow.
The arrow hits the sky beast but does no damage.
There is a stone staircase leading up here.
You shoot an arrow. The arrow hits the sky beast!
The sky beast is heavily wounded.
The sky beast flickers out of sight!
Deactivating autopickup; reactivate with Ctrl-A.
No target in view!
Fire: b) +0 shortbow
Press: ? - help, Q - select action, (/) - cycle Shift-Dir - straight line You shoot an arrow.
Fire: b) +0 shortbow
Press: ? - help, Q - select action, (/) - cycle Shift-Dir - straight line, f - you Really target yourself?
Okay, then.
Unknown command.
Unknown command.
Fire: b) +0 shortbow
Press: ? - help, Q - select action, (/) - cycle Shift-Dir - straight line You shoot an arrow.
a - a +3 scimitar (weapon)
Something hits you. Something shocks you.
You barely miss something. Something hits you but does no damage.
You closely miss something. Something barely misses you.
You hit something. Something hits you. Something shocks you.
You slash something!
Reactivating autopickup.
You feel a bit more experienced.
You see here a sky beast corpse.
There is a stone staircase leading up here.
b - a +0 shortbow (weapon)
HP restored.
x - 2 glowing red potions (gained 1)
You now have 2229 gold pieces (gained 4).
i - 4 scrolls of fear (gained 1)
You now have 2244 gold pieces (gained 15).
A black bear comes into view.
You shoot an arrow. The arrow hits the black bear!
The black bear growls angrily.
The black bear is moderately wounded.
No target in view!
You shoot an arrow.
The arrow hits the black bear but does no damage.
The black bear is moderately wounded.
You shoot an arrow. The arrow barely misses the black bear.
a - a +3 scimitar (weapon)
You barely miss the black bear.
The black bear is moderately wounded.
The black bear barely misses you. The black bear closely misses you.
The black bear claws you but does no damage.
You slash the black bear! You punch the black bear.
The black bear is severely wounded.
The black bear bites you but does no damage.
The black bear claws you. The black bear closely misses you.
The black bear bites you. The black bear claws you.
The black bear claws you but does no damage.
You slash the black bear!
You kill the black bear!
Your Long Blades skill increases to level 4!
No target in view!
b - a +0 shortbow (weapon)
g - 2 scrolls of noise (gained 1)
n - 22 poisoned darts (gained 5) Setting a skill training target for Long Blades at 20.0.
Unknown command.
An orc comes into view. It is wielding a +0 club.
You shoot an arrow. The arrow hits the orc.
The orc shouts!
The orc is moderately wounded.
You hear a shout!
A kobold comes into view. It is wielding a +0 dagger.
A kobold comes into view. It is wielding a +0 club.
You shoot an arrow. The kobold shouts!
The arrow hits the orc.
The orc is heavily wounded.
A kobold brigand and a kobold come into view.
The kobold brigand is wielding a +0 dagger and quivering poisoned darts.
A kobold comes into view. It is wielding a +0 club.
You shoot an arrow. The kobold shouts!
The arrow hits the orc.
You kill the orc!
You shoot an arrow. The arrow hits the kobold.
The kobold is severely wounded.
The kobold throws a stone.
The stone closely misses you.
You shoot an arrow. The arrow barely misses the kobold.
The arrow hits the kobold!
You kill the kobold!
A kobold comes into view. It is wielding a +0 short sword.
You shoot an arrow. The kobold shouts!
The arrow hits the kobold!
You kill the kobold!
You shoot an arrow. The arrow hits the kobold brigand.
The kobold brigand is lightly wounded.
The kobold brigand hits you with a +0 dagger.
a - a +3 scimitar (weapon)
The shadow imp shouts, "Get thee hence, thou impertinent flat-headed pissant!"
You slice the kobold brigand!!
The kobold brigand is severely wounded.
The kobold brigand hits you with a +0 dagger.
You slash the kobold brigand!
You kill the kobold brigand!
The kobold barely misses you.
You hit the kobold.
You kill the kobold!
You slash the kobold!
You kill the kobold!
The orc drinks a potion.
The orc seems to speed up.
b - a +0 shortbow (weapon)
a - a +3 scimitar (weapon)
You slash the orc!
You kill the orc!
You slash the kobold!
You kill the kobold!
You closely miss the shadow imp. The shadow imp barely misses you.
You barely miss the shadow imp. The shadow imp closely misses you.
The shadow imp completely misses you.
You closely miss the shadow imp.
The shadow imp sputters.
The shadow imp hits you but does no damage.
You closely miss the shadow imp. The shadow imp barely misses you.
You hit the shadow imp.
The shadow imp is moderately wounded.
The shadow imp misses you.
You closely miss the shadow imp.
The shadow imp is moderately wounded.
The shadow imp misses you.
You slash the shadow imp!
You kill the shadow imp!
No target in view!
b - a +0 shortbow (weapon)
You now have 2261 gold pieces (gained 17).
n - 30 poisoned darts (gained 8)
Items here: ( ))))))) [ †††.
Found a robe.
Items here: ( ))))))) [ †††.
Okay, then.
Found a stone staircase leading up.
You see here a +0 robe.
An orc comes into view. It is wielding a +0 flail.
You shoot an arrow. The arrow hits the orc!
You kill the orc!
F - 2 scrolls labelled UFYEFY QONOFICICA
Found a stone staircase leading down.
There is a stone staircase leading down here.
A jelly and a wyvern come into view.
There is a stone staircase leading down here.
Unknown command.
The jelly quivers.
The wyvern hisses angrily.
You shoot an arrow. The arrow hits the wyvern!
The wyvern is moderately wounded.
You shoot an arrow. The arrow hits the wyvern!
The wyvern is severely wounded.
The wyvern closely misses you. The wyvern misses you.
a - a +3 scimitar (weapon)
The wyvern bites you.
You slash the wyvern!
You kill the wyvern!
The jelly misses you.
You see here a wyvern corpse.
You slash the jelly! The acid corrodes you!
Your hands burn!
The jelly is severely wounded.
The jelly hits you. The acid corrodes you!
You are splashed with acid!
You barely miss the jelly.
The jelly is severely wounded.
The jelly closely misses you. The jelly hits you.
You are splashed with acid!
You are too injured to fight recklessly!
You are too injured to fight recklessly!
You hit the jelly.
You kill the jelly!
You start resting.
You are no longer corroded.
b - a +0 shortbow (weapon)
You start resting.
An orc is nearby!
You shoot an arrow. The orc shouts!
The arrow hits the orc.
The orc is severely wounded.
You shoot an arrow. The arrow hits the orc!
You kill the orc!
HP restored.
o - 4 scrolls of teleportation (gained 1)
Things that are here:
a +0 flail; an orc corpse A jelly comes into view.
You shoot an arrow. The arrow hits the jelly!
The jelly quivers.
The jelly is heavily wounded.
You shoot an arrow. The arrow hits the jelly!
You kill the jelly!
A howler monkey comes into view.
You shoot an arrow. The arrow hits the howler monkey.
The howler monkey howls!
The howler monkey is moderately wounded.
The howler monkey hoots and howls with incredible vigour!
A sky beast comes into view.
You shoot an arrow. The arrow hits the howler monkey!
The howler monkey is severely wounded.
You shoot an arrow.
The arrow completely misses the howler monkey.
The howler monkey hoots and howls with incredible vigour!
You hear a shout!
You shoot an arrow. The arrow hits the howler monkey.
The howler monkey is almost dead.
You shoot an arrow.
The arrow closely misses the howler monkey.
a - a +3 scimitar (weapon)
The howler monkey misses you.
You barely miss the howler monkey.
The howler monkey is almost dead.
The howler monkey hoots and howls with incredible vigour!
You hear a shout!
You slash the howler monkey!
You kill the howler monkey!
b - a +0 shortbow (weapon)
You shoot an arrow. The arrow barely misses the sky beast.
You shoot an arrow. The arrow hits the sky beast!
The sky beast is moderately wounded.
You shoot an arrow. The arrow hits the sky beast!
The sky beast is heavily wounded.
a - a +3 scimitar (weapon)
The sky beast completely misses you.
You closely miss the sky beast.
The sky beast is heavily wounded.
The sky beast misses you.
You slash the sky beast!
You kill the sky beast!
No target in view!
b - a +0 shortbow (weapon)
Things that are here:
a sky beast corpse; a howler monkey corpse
Found a stone staircase leading down.
g - 3 scrolls of noise (gained 1)
You see here a +2 vampiric short sword.
You shoot an arrow. The arrow closely misses the orc.
The orc shouts! x2; You hear a shout!
The orc throws a boomerang.
The boomerang closely misses you.
The orc throws a boomerang.
The boomerang hits you.
Fire: b) +0 shortbow
Press: ? - help, Q - select action, (/) - cycle Shift-Dir - straight line, f - orc warrior, p - orc
Aim: an orc warrior, wielding a +0 glaive and wearing a +0 chain mail (64% to hit)
You shoot an arrow. The arrow hits the orc.
The orc is lightly wounded.
Fire: b) +0 shortbow
Press: ? - help, Q - select action, (/) - cycle Shift-Dir - straight line, f/p - orc warrior
Aim: an orc warrior, wielding a +0 glaive and wearing a +0 chain mail (64% to hit)
You shoot an arrow.
The arrow closely misses the orc warrior.
Fire: b) +0 shortbow
Press: ? - help, Q - select action, (/) - cycle Shift-Dir - straight line, f/p - orc warrior
Aim: an orc warrior, wielding a +0 glaive and wearing a +0 chain mail (64% to hit)
You shoot an arrow.
The arrow hits the orc but does no damage.
The orc is lightly wounded.
The orc throws a boomerang.
The boomerang barely misses you.
Fire: b) +0 shortbow
Press: ? - help, Q - select action, (/) - cycle Shift-Dir - straight line, f/p - orc warrior
Aim: an orc warrior, wielding a +0 glaive and wearing a +0 chain mail (64% to hit)
You shoot an arrow. The arrow hits the orc warrior.
The orc warrior is lightly wounded.
The orc throws a boomerang.
The boomerang closely misses you.
The orc warrior unwields a +0 glaive.
The orc warrior wields a +0 arbalest.
The orc warrior shoots a bolt.
The bolt barely misses you.
Fire: b) +0 shortbow
Press: ? - help, Q - select action, (/) - cycle Shift-Dir - straight line, f/p - orc warrior
Aim: an orc warrior, wielding a +0 arbalest and wearing a +0 chain mail (lightly wounded, 64% to hit)
You shoot an arrow. The arrow hits the orc warrior.
The orc warrior is lightly wounded.
The orc warrior shoots a bolt.
The bolt completely misses you.
Fire: b) +0 shortbow
Press: ? - help, Q - select action, (/) - cycle Shift-Dir - straight line, f/p - orc warrior
Aim: an orc warrior, wielding a +0 arbalest and wearing a +0 chain mail (lightly wounded, 64% to hit)
You shoot an arrow. The arrow hits the orc warrior.
The orc warrior is moderately wounded.
The orc throws a boomerang.
The boomerang misses you.
Fire: b) +0 shortbow
Press: ? - help, Q - select action, (/) - cycle Shift-Dir - straight line, f/p - orc warrior
Aim: an orc warrior, wielding a +0 arbalest and wearing a +0 chain mail (moderately wounded, 64% to hit)
You shoot an arrow.
The arrow barely misses the orc warrior.
Fire: b) +0 shortbow
Press: ? - help, Q - select action, (/) - cycle Shift-Dir - straight line, f/p - orc warrior
Aim: an orc warrior, wielding a +0 arbalest and wearing a +0 chain mail (moderately wounded, 64% to hit)
You shoot an arrow.
The arrow closely misses the orc warrior.
The orc throws a boomerang.
The boomerang hits you.
There is a stone staircase leading up here.
You shoot an arrow. The arrow hits the orc!
You kill the orc!
Things that are here:
a +1 whip of venom; a +0 ring mail
Found a stone staircase leading down.
Found a +0 short sword.
e - 5 scrolls labelled MOTERGH QUSSUCSYCK (gained 1)
You shoot an arrow. The orc warrior shouts!
The arrow hits the orc warrior.
The orc warrior is lightly wounded.
You shoot an arrow.
The arrow closely misses the orc warrior.
The orc warrior shoots a bolt.
The bolt hits you!
You hear a shout!
You shoot an arrow.
The arrow hits the orc warrior but does no damage.
The orc warrior is lightly wounded.
The orc warrior shoots a bolt.
The bolt hits you!
The orc warrior shoots a bolt.
The bolt misses you.
The orc throws a boomerang.
The boomerang closely misses you.
The orc warrior shoots a bolt.
The bolt misses you.
There is a stone staircase leading up here.
You climb upwards.
There is a stone staircase leading down here.
There is a stone staircase leading down here.
You start resting.
HP restored.
You climb downwards.
Level annotation: 1 runed translucent door
There is a stone staircase leading up here.
Search for what [Enter for "armour", or ? for help]? ranged
Found a robe.
Found a whip.
Could not explore, unopened runed door.
You see here a +0 short sword.
There is a stone staircase leading up here.
There is a stone staircase leading down here.
Annotate which branch? (. - D:7, ? - help, ! - show branch list) Current level annotation: 1 runed translucent door New annotation for D:7 (include '!' for warning): 1 runed translucent door and arbelest orc
There is a stone staircase leading down here.
You climb downwards.
There is a stone staircase leading up here.
You shoot an arrow. The arrow hits the jelly!
The jelly quivers.
The jelly is heavily wounded.
You hear a loud, deep croak!
You shoot an arrow. The arrow hits the jelly.
The jelly is severely wounded.
a - a +3 scimitar (weapon)
You slash the jelly!
You kill the jelly!
A bullfrog comes into view.
Found a ruby potion.
The bullfrog barely misses you.
You hit the bullfrog.
The bullfrog is moderately wounded.
The bullfrog barely misses you. x2
You slash the bullfrog!
The bullfrog is severely wounded.
The bullfrog closely misses you.
You slice the bullfrog!!
You kill the bullfrog!
Your Long Blades skill increases to level 5!
You have reached level 9!
Your experience leads to a dramatic increase in your attributes!
Increase (S)trength, (I)ntelligence, or (D)exterity?
You feel agile. x4
b - a +0 shortbow (weapon)
j - 3 ruby potions (gained 1)
You now have 2277 gold pieces (gained 16).
Found an escape hatch in the floor.
A black bear and 3 wights come into view.
Found a fuming pink potion.
The wight moves out of view.
Press: ? - help, v - describe, . - travel
Here: a wight, wielding a +4 great sword and wearing a +0 robe The floor.
Unknown command.
Fire: b) +0 shortbow
Press: ? - help, Q - select action, (/) - cycle Shift-Dir - straight line, f - wight
Aim: a wight, wielding a +4 great sword and wearing a +0 robe (69% to hit)
You shoot an arrow. The arrow hits the wight!
The wight is severely damaged.
Fire: b) +0 shortbow
Press: ? - help, Q - select action, (/) - cycle Shift-Dir - straight line, f/p - wight
Aim: a wight, wielding a +4 great sword and wearing a +0 robe (severely damaged, 69% to hit)
You shoot an arrow. The arrow closely misses the wight.
Fire: b) +0 shortbow
Press: ? - help, Q - select action, (/) - cycle Shift-Dir - straight line, f/p - wight
Aim: a wight, wielding a +4 great sword and wearing a +0 robe (severely damaged, 69% to hit)
You shoot an arrow. The arrow barely misses the wight.
Fire: b) +0 shortbow
Press: ? - help, Q - select action, (/) - cycle Shift-Dir - straight line, f/p - wight
Aim: a wight, wielding a +4 great sword and wearing a +0 robe (severely damaged, 69% to hit)
You shoot an arrow. The arrow hits the wight!
You destroy the wight!
Your Fighting skill increases to level 4!
Fire: b) +0 shortbow
Press: ? - help, Q - select action, (/) - cycle Shift-Dir - straight line, f - wight
Aim: a wight, wielding a +2 falchion and wearing a +0 robe (70% to hit)
You shoot an arrow.
The arrow hits the wight but does no damage.
Fire: b) +0 shortbow
Press: ? - help, Q - select action, (/) - cycle Shift-Dir - straight line, f/p - wight
Aim: a wight, wielding a +2 falchion and wearing a +0 robe (70% to hit)
You shoot an arrow. The arrow hits the wight.
The wight is lightly damaged.
a - a +3 scimitar (weapon)
You hit the wight.
The wight is heavily damaged.
The wight hits you with a +2 falchion!
You feel drained.
You barely miss the wight.
The wight is heavily damaged.
The wight closely misses you.
You slash the wight!
You destroy the wight!
No target in view!
Things that are here:
a +2 falchion; a +0 robe
Things that are here:
a +4 great sword; a +0 robe
Things that are here:
a +4 great sword; a +0 robe
G - a +4 great sword
Things that are here:
a +2 falchion; a +0 robe
There is a stone staircase leading up here.
b - a +0 shortbow (weapon)
HP restored.
You shoot an arrow. The arrow hits the black bear.
The black bear is lightly wounded.
There is a stone staircase leading up here.
You shoot an arrow. The arrow barely misses the black bear.
You shoot an arrow. The arrow hits the black bear!
The black bear is moderately wounded.
You shoot an arrow. The arrow hits the black bear.
The black bear is heavily wounded.
a - a +3 scimitar (weapon)
You slash the black bear!
The black bear is almost dead.
The black bear goes berserk!
The black bear closely misses you. x3
You slash the black bear!
You kill the black bear!
Your life force feels restored.
Your Dodging skill increases to level 6!
No target in view!
b - a +0 shortbow (weapon)
There is a stone staircase leading up here.
Found 2 stones.
m - 2 fuming pink potions (gained 1)
Found an escape hatch in the ceiling.
H - a wand of charming (4)
Found a ring mail. 2 howler monkeys come into view.
You shoot an arrow.
The arrow hits the howler monkey but does no damage.
The howler monkey howls!
The howler monkey hoots and howls with incredible vigour!
You shoot an arrow. The howler monkey howls!
The arrow hits the howler monkey!
The howler monkey is moderately wounded.
You shoot an arrow. The arrow hits the howler monkey.
The howler monkey is severely wounded.
The howler monkey hoots and howls with incredible vigour!
Something shouts, "Out, out, thou vain hasty-witted surfacer!"
You shoot an arrow.
The arrow closely misses the howler monkey.
You shoot an arrow. The arrow hits the howler monkey.
The howler monkey is lightly wounded.
The howler monkey misses you.
a - a +3 scimitar (weapon)
A necrophage comes into view.
You barely miss the howler monkey.
The howler monkey is severely wounded.
The howler monkey hoots and howls with incredible vigour!
The howler monkey completely misses you.
The howler monkey closely misses you. The howler monkey misses you.
You hear a howl!
You hear a shout!
You slash the howler monkey!
You kill the howler monkey!
The howler monkey misses you.
You slice the howler monkey!!
You kill the howler monkey!
b - a +0 shortbow (weapon)
You shoot an arrow.
The arrow closely misses the necrophage.
You shoot an arrow. The arrow hits the necrophage!
The necrophage is moderately damaged.
a - a +3 scimitar (weapon)
The necrophage hits you but does no damage.
You closely miss the necrophage.
The necrophage is moderately damaged.
The necrophage closely misses you.
You closely miss the necrophage.
The necrophage is moderately damaged.
The necrophage closely misses you.
You slash the necrophage!
The necrophage is severely damaged.
The necrophage misses you.
You slash the necrophage!
The necrophage is almost destroyed.
The necrophage misses you.
You closely miss the necrophage.
The necrophage is almost destroyed.
The necrophage hits you.
You slash the necrophage!
You destroy the necrophage!
No target in view!
b - a +0 shortbow (weapon)
r - 2 scrolls of silence (gained 1)
Found a stone staircase leading down.
A white imp comes into view.
The white imp moves out of view.
Found a stone staircase leading up.
You now have 2294 gold pieces (gained 17).
Found two stone staircases leading down.
You shoot an arrow. The arrow closely misses the white imp.
The white imp shouts!
The white imp gestures at you. The puff of frost hits you!
You shoot an arrow.
The arrow hits the white imp but does no damage.
The white imp gestures at you. The puff of frost hits you!
You shoot an arrow. The arrow hits the white imp!
The white imp is almost dead.
You shoot an arrow. The arrow hits the white imp.
You kill the white imp!
A yak comes into view.
You shoot an arrow. The yak bellows!
The arrow hits the yak.
The yak is lightly wounded.
You hear a bellow!
You shoot an arrow. The arrow hits the yak!
The yak is heavily wounded.
A yak comes into view.
You shoot an arrow. The arrow hits the yak!
The yak is severely wounded.
You shoot an arrow. The arrow hits the yak!
The yak is almost dead.
You shoot an arrow.
The arrow hits the yak but does no damage.
The yak is almost dead.
You shoot an arrow. The arrow barely misses the yak.
You hear a bellow!
A yak comes into view.
The yak gores you!
a - a +3 scimitar (weapon)
You slash the yak!
You kill the yak!
b - a +0 shortbow (weapon)
You shoot an arrow. The arrow hits the yak!
The yak is moderately wounded.
You shoot an arrow. The arrow closely misses the yak.
You shoot an arrow. The arrow hits the yak.
The yak is moderately wounded.
You hear a bellow!
A yak comes into view.
a - a +3 scimitar (weapon)
The yak gores you but does no damage.
You slash the yak!
The yak is severely wounded.
A yak comes into view.
The yak closely misses you.
You barely miss the yak.
The yak is severely wounded.
The yak bellows!
The yak closely misses you.
A howler monkey comes into view.
The howler monkey howls!
The yak bellows!
You slash the yak!
The yak is almost dead.
The yak barely misses you. The yak attacks as you move away!
The yak misses you.
The howler monkey hoots and howls with incredible vigour!
You hear a shout!
You hear a howl!
You hear a shout! x3
The howler monkey barely misses you.
The howler monkey hits you but does no damage.
The howler monkey completely misses you.
The howler monkey barely misses you.
There is an escape hatch in the ceiling here.
The yak misses you.
The howler monkey hits you but does no damage.
A mysterious force pulls you upwards. The hatch slams shut behind you.
Level annotation: 1 runed translucent door and arbelest orc You hit the yak.
The yak is almost dead.
The howler monkey completely misses you.
The yak completely misses you.
You slash the yak!
You kill the yak!
The howler monkey closely misses you. The howler monkey misses you.
Your Long Blades skill increases to level 6!
You slash the howler monkey!
The howler monkey is severely wounded.
The howler monkey hits you but does no damage.
You closely miss the howler monkey.
The howler monkey is severely wounded.
The howler monkey closely misses you.
You slash the howler monkey!
You kill the howler monkey!
You see here a howler monkey corpse.
There is a stone staircase leading down here.
You start resting.
HP restored.
b - a +0 shortbow (weapon)
You climb downwards.
There is a stone staircase leading up here.
I - a scroll labelled KOMMOA QOGOVI An orc comes into view.
It is wielding a +0 flail.
You shoot an arrow. The arrow closely misses the orc.
You shoot an arrow. The arrow hits the orc.
The orc is heavily wounded.
An orc priest comes into view. It is wielding a +0 dagger.
Fire: b) +0 shortbow
Press: ? - help, Q - select action, (/) - cycle Shift-Dir - straight line, f - orc priest, p - orc
Aim: an orc priest, wielding a +0 dagger (70% to hit)
You shoot an arrow. The arrow hits the orc.
The orc is heavily wounded.
The orc priest looks encouraged for a moment.
Fire: b) +0 shortbow
Press: ? - help, Q - select action, (/) - cycle Shift-Dir - straight line, f/p - orc priest
Aim: an orc priest, wielding a +0 dagger (70% to hit)
You shoot an arrow. The arrow closely misses the orc.
The arrow hits the orc priest!
The orc priest is severely wounded.
Fire: b) +0 shortbow
Press: ? - help, Q - select action, (/) - cycle Shift-Dir - straight line, f/p - orc priest
Aim: an orc priest, wielding a +0 dagger (severely wounded, 70% to hit)
You shoot an arrow. The arrow hits the orc!
You kill the orc!
Fire: b) +0 shortbow
Press: ? - help, Q - select action, (/) - cycle Shift-Dir - straight line, f/p - orc priest
Aim: an orc priest, wielding a +0 dagger (heavily wounded, 70% to hit)
You shoot an arrow. The arrow hits the orc priest.
The orc priest is severely wounded.
You hear a shout!
Fire: b) +0 shortbow
Press: ? - help, Q - select action, (/) - cycle Shift-Dir - straight line, f/p - orc priest
Aim: an orc priest, wielding a +0 dagger (severely wounded, 70% to hit)
You shoot an arrow. The arrow barely misses the orc priest.
The orc priest hits you but does no damage.
An orc wizard comes into view. It is wielding a +0 dagger.
a - a +3 scimitar (weapon)
The orc priest completely misses you.
You closely miss the orc priest.
The orc priest is severely wounded.
The orc priest hits you with a +0 dagger.
The orc wizard casts a spell.
The orc wizard flickers and vanishes!
Deactivating autopickup; reactivate with Ctrl-A.
You barely miss the orc priest.
The orc priest is severely wounded.
The orc priest completely misses you.
You closely miss the orc priest.
The orc priest is severely wounded.
The orc priest calls down the wrath of Beogh upon you.
Beogh smites you!
You slash the orc priest!
You kill the orc priest!
You hit something.
You hear some strange, mumbled words.
A magic dart appears from out of thin air!
The magic dart hits you!
You miss something. You slash something!
Reactivating autopickup.
You feel a bit more experienced.
An orc wizard comes into view. It is wielding a +0 dagger.
Items here: ))) [ ††.
The orc wizard hits you but does no damage.
You barely miss the orc wizard. The orc wizard barely misses you.
You slash the orc wizard!
The orc wizard is heavily wounded.
The orc wizard points at you and mumbles some strange words.
The puff of flame hits you.
You slash the orc wizard!
You kill the orc wizard!
Things that are here:
a +0 dagger; a +0 robe
b - a +0 shortbow (weapon)
A wight comes into view. It is wielding a +0 hand axe.
You shoot an arrow. The arrow hits the wight!
The wight is severely damaged.
You shoot an arrow. The arrow completely misses the wight.
a - a +3 scimitar (weapon)
The wight closely misses you.
You hit the wight.
The wight is severely damaged.
The wight completely misses you.
You completely miss the wight.
The wight is severely damaged.
The wight barely misses you.
You closely miss the wight.
The wight is severely damaged.
The wight hits you with a +0 hand axe!
You feel drained.
You barely miss the wight.
The wight is severely damaged.
The wight hits you with a +0 hand axe.
You feel drained.
You closely miss the wight.
The wight is severely damaged.
The wight misses you.
You slash the wight!
You destroy the wight!
Items here: )) [[.
There is a stone staircase leading up here.
You climb upwards.
Level annotation: 1 runed translucent door and arbelest orc
There is a stone staircase leading down here.
b - a +0 shortbow (weapon)
You start resting.
HP restored.
There is a stone staircase leading down here.
You climb downwards.
There is a stone staircase leading up here.
J - a wand of flame (11)
H - a wand of charming (8) (gained 4 charges)
Found a battleaxe.
Found a blossoming altar of Fedhas.
Found a hide-covered altar of Uskayaw.
Found a sacrificial altar of Ru.
You now have 2300 gold pieces (gained 6).
There is an escape hatch in the floor here.
A howler monkey comes into view.
You shoot an arrow. The arrow hits the howler monkey.
The howler monkey is moderately wounded.
No target in view!
A howler monkey is nearby!
You shoot an arrow.
The arrow hits the howler monkey but does no damage.
The howler monkey is moderately wounded.
You shoot an arrow. The arrow hits the howler monkey.
The howler monkey is severely wounded.
The howler monkey hoots and howls with incredible vigour!
You hear a bellow! x2; You hear a howl!
You shoot an arrow.
The arrow closely misses the howler monkey.
You shoot an arrow.
The arrow closely misses the howler monkey.
The howler monkey misses you.
a - a +3 scimitar (weapon)
The howler monkey hoots and howls with incredible vigour!
You closely miss the howler monkey.
The howler monkey is severely wounded.
The howler monkey completely misses you.
You hit the howler monkey.
You kill the howler monkey!
No target in view!
b - a +0 shortbow (weapon)
HP restored.
A howler monkey comes into view.
The howler monkey moves out of view.
You now have 2315 gold pieces (gained 15).
Found 4 stones.
There is a stone staircase leading up here.
You see here a howler monkey corpse.
Found a whip.
v - 3 scrolls of poison (gained 1) Done exploring.
Done exploring.
There is a stone staircase leading down here.
There is a stone staircase leading down here.
What are your orders? t - Shout!
Orders for allies: a - Attack new target. r - Retreat! s - Stop attacking. g - Guard the area. f - Follow me.
Anything else - Cancel.
You shout for attention!
What are your orders? t - Shout!
Orders for allies: a - Attack new target. r - Retreat! s - Stop attacking. g - Guard the area. f - Follow me.
Anything else - Cancel.
You shout for attention!
What are your orders? t - Shout!
Orders for allies: a - Attack new target. r - Retreat! s - Stop attacking. g - Guard the area. f - Follow me.
Anything else - Cancel.
You shout for attention!
You hear a howl!
You hear a bellow!
What are your orders? t - Shout!
Orders for allies: a - Attack new target. r - Retreat! s - Stop attacking. g - Guard the area. f - Follow me.
Anything else - Cancel.
You shout for attention!
You shoot an arrow. The arrow hits the howler monkey!
The howler monkey is heavily wounded.
The howler monkey hoots and howls with incredible vigour!
You hear a bellow!
You shoot an arrow. The arrow hits the howler monkey.
The howler monkey is severely wounded.
You shoot an arrow. The arrow hits the howler monkey!
You kill the howler monkey!
Your life force feels restored.
You shoot an arrow. The arrow hits the wight.
The wight is moderately damaged.
a - a +3 scimitar (weapon)
Casting: Slow (safe; 9% risk of failure)
Confirm with . or Enter, or press ? or * to list all spells.
Aiming: Slow (safe; 9% risk of failure)
Press: ? - help, Shift-Dir - straight line, f/p - wight
Aim: a wight, wielding a +0 halberd and wearing a +0 robe (moderately damaged, chance to affect: 41%)
The wight resists with some effort.
The wight barely misses you.
You hit the wight.
The wight is severely damaged.
The wight barely misses you.
You slice the wight!!
You destroy the wight!
You now have 2328 gold pieces (gained 13).
Things that are here:
a +0 halberd; a +0 robe
b - a +0 shortbow (weapon)
Magic restored.
Done exploring.
Search for what [Enter for "ranged", or ? for help]? d: Unknown command.
Unknown command.
(D) Dungeon (T) Temple
Where to? (Enter - D:7 @ (x,y), ? - help)
What level of the Dungeon? (default 1, ? - help)
There is a stone staircase leading up here.
You climb upwards.
Level annotation: 1 runed translucent door and arbelest orc
There is a stone staircase leading down here.
You see here a +0 flail.
There is a stone staircase leading up here.
You climb upwards.
There is a stone staircase leading down here.
Things that are here:
a +0 robe; a +0 scimitar
There is a stone staircase leading up, spattered with blood here.
You climb upwards.
Level annotation: Sigmund
There is a stone staircase leading down here.
There is a stone staircase leading up here.
You climb upwards.
Level annotation: 3 runed translucent doors, mistaj's ghost, novice VSFi
There is a stone staircase leading down here.
Found a broken altar of Ashenzari.
There is a stone staircase leading down here.
You climb downwards.
Level annotation: Sigmund
There is a stone staircase leading up here.
There is an escape hatch in the ceiling here.
A mysterious force pulls you upwards. The hatch slams shut behind you.
Level annotation: 3 runed translucent doors, mistaj's ghost, novice VSFi Done exploring.
There is a stone staircase leading down here.
You climb downwards.
Level annotation: Sigmund
There is a stone staircase leading up here.
There is a stone staircase leading up here.
You climb upwards.
Level annotation: 3 runed translucent doors, mistaj's ghost, novice VSFi
There is a stone staircase leading down here.
Mistaj's ghost turns its malevolent gaze towards you.
Press: ? - help, v - describe, . - travel
Here: mistaj's ghost, wielding a weapon of freezing (fire blocked by a runed translucent door)
The floor.
Unknown command.
a - a +3 scimitar (weapon)
You open the gate. You hit mistaj's ghost.
Mistaj's ghost is lightly damaged.
Mistaj's ghost hits you. Mistaj's ghost freezes you.
You hit mistaj's ghost.
Mistaj's ghost is lightly damaged.
Mistaj's ghost hits you. Mistaj's ghost freezes you.
You barely miss mistaj's ghost.
Mistaj's ghost is lightly damaged.
Mistaj's ghost completely misses you.
You hit mistaj's ghost but do no damage.
Mistaj's ghost is lightly damaged.
Mistaj's ghost closely misses you.
You hit mistaj's ghost.
Mistaj's ghost is moderately damaged.
Mistaj's ghost hits you! Mistaj's ghost freezes you.
You hit mistaj's ghost but do no damage.
Mistaj's ghost is moderately damaged.
Mistaj's ghost hits you but does no damage.
You completely miss mistaj's ghost.
Mistaj's ghost is moderately damaged.
Mistaj's ghost hits you but does no damage.
Mistaj's ghost hits you! Mistaj's ghost freezes you.
You hit mistaj's ghost.
Mistaj's ghost is moderately damaged.
Mistaj's ghost hits you. Mistaj's ghost freezes you.
You slash mistaj's ghost!
You punch mistaj's ghost, but do no damage.
Mistaj's ghost is severely damaged.
Mistaj's ghost hits you but does no damage.
You hit mistaj's ghost.
Mistaj's ghost is severely damaged.
Mistaj's ghost hits you!
* * * LOW HITPOINT WARNING * * *
Mistaj's ghost freezes you.
* * * LOW HITPOINT WARNING * * *
You hit mistaj's ghost but do no damage.
Mistaj's ghost is severely damaged.
Mistaj's ghost hits you!
* * * LOW HITPOINT WARNING * * *
Mistaj's ghost freezes you.
You die...

Skill      XL: |  1  2  3  4  5  6  7  8  9 |
---------------+----------------------------+-----
Ranged Weapons | 2 3 4 5 6 |  6.3
Dodging        | 2 3 4 5 6 |  6.5
Stealth        | 1 2 3 4 |  4.0
Fighting       | 2 3 4 |  4.8
Long Blades    | 1 5 6 |  6.4
Spellcasting   | |  1.0
Hexes          | |  2.6

Action                     |  1- 3 |  4- 6 |  7- 9 || total
---------------------------+-------+-------+-------++-------
  Melee: Short sword       |       |    66 |    16 ||    82
         Punch             |       |     1 |     2 ||     3
         Scimitar          |       |       |   116 ||   116
   Fire: Sling             |   100 |    86 |       ||   186
         Shortbow          |       |    17 |   186 ||   203
  Throw: Dart              |     6 |     8 |       ||    14
   Cast: Slow              |     1 |     2 |     3 ||     6
    Use: Scroll            |       |    10 |       ||    10
 Armour: Robe              |     7 |    21 |    25 ||    53
  Dodge: Dodged            |    23 |    51 |   106 ||   180

Levels and vault maps discovered:
D:1:      dpeg_arrival_water_fire, layout_loops_ring, serial_shops, shop
D:2:      layout_loops_corners, serial_forest, infiniplex_forest_end_2,
          infiniplex_forest_lined_3, infiniplex_forest_end_double,
          infiniplex_forest_clump_curved, infiniplex_forest_lined_2, hex_medium
D:3:      layout_loops_ring, serial_park_tiny_1
D:4:      layout_loops_corners, mainiacjoe_overflow_boulevard,
          nicolae_overflow_hidden_temple, ebering_ghost_rock_garden,
          nicolae_shop_overcharged_wands
D:5:      layout_loops_ring, mainiacjoe_overflow_tiny_flanked,
          lemuel_tele_altar, mainiacjoe_overflow_catwalk,
          minmay_temple_entry_junction_2, uniq_sigmund
D:6:      layout_loops_ring, trog_wizard
D:7:      cheibrodos_shockbox, layout_rooms
D:8:      layout_rooms, grunt_temple_overflow_open

Notes
Turn   | Place    | Note
-------+----------+-------------------------------------------
     0 | D:1      | scionoferis the Demigod Hexslinger began the quest for the
                  | Orb.
     0 | D:1      | Reached XP level 1. HP: 15/15 MP: 4/4
   272 | D:1      | Reached skill level 2 in Ranged Weapons
   287 | D:1      | Found Naomim's Book Boutique.
   311 | D:1      | Reached skill level 2 in Dodging
   404 | D:1      | Reached XP level 2. HP: 20/22 MP: 5/5
   815 | D:1      | Reached skill level 1 in Stealth
  1124 | D:2      | Reached XP level 3. HP: 26/27 MP: 6/6
  2345 | D:3      | Noticed a black bear
  2360 | D:3      | Killed a black bear
  2361 | D:3      | Reached skill level 3 in Ranged Weapons
  2361 | D:3      | Reached skill level 2 in Stealth
  2361 | D:3      | Reached XP level 4. HP: 34/34 MP: 6/8
  2674 | D:4      | Identified a scroll of acquirement
  2678 | D:4      | Acquired 722 gold pieces
  2745 | D:4      | Found a runed translucent gate.
  2746 | D:4      | Found a runed translucent gate.
  2747 | D:4      | Found a runed translucent gate.
  2747 | D:4      | Noticed mistaj's ghost (novice VSFi)
  2768 | D:4      | Reached XP level 5. HP: 35/39 MP: 9/9
  2974 | D:4      | Reached skill level 4 in Ranged Weapons
  2974 | D:4      | Reached skill level 3 in Dodging
  3298 | D:4      | Reached XP level 6. HP: 46/46 MP: 10/10
  3310 | D:4      | Reached skill level 3 in Stealth
  3483 | D:4      | Found Afaroymi's Overcharged Wands.
  3857 | D:5      | Entered Level 5 of the Dungeon
  3978 | D:5      | Reached skill level 5 in Ranged Weapons
  4089 | D:5      | Found a staircase to the Ecumenical Temple.
  4163 | D:5      | Noticed Sigmund
  4354 | D:5      | Acquired 1130 gold pieces
  4388 | D:5      | Reached XP level 7. HP: 48/51 MP: 11/11
  4420 | D:5      | Reached skill level 4 in Dodging
  4647 | D:5      | Reached skill level 6 in Ranged Weapons
  4647 | D:5      | Reached skill level 4 in Stealth
  4851 | D:6      | Reached skill level 1 in Fighting
  5091 | D:6      | Noticed a wizard
  5096 | D:6      | Killed a wizard
  5248 | D:6      | Reached skill level 2 in Fighting
  5248 | D:6      | Reached skill level 1 in Long Blades
  5288 | D:6      | Reached XP level 8. HP: 61/61 MP: 12/12
  5315 | D:6      | Reached skill level 2 in Long Blades
  5448 | D:6      | Reached skill level 5 in Dodging
  5630 | D:6      | Reached skill level 3 in Long Blades
  5729 | D:6      | Reached skill level 3 in Fighting
  5983 | D:7      | Noticed a sixfirhy
  5983 | D:7      | Found a runed translucent door.
  6141 | D:7      | Reached skill level 4 in Long Blades
  6834 | D:8      | Reached skill level 5 in Long Blades
  6834 | D:8      | Reached XP level 9. HP: 71/71 MP: 13/13
  6883 | D:8      | Reached skill level 4 in Fighting
  6923 | D:8      | Reached skill level 6 in Dodging
  7091 | D:7      | Reached skill level 6 in Long Blades
  7696 | D:4      | HP: 3/73 [mistaj's ghost (13)]
  7696 | D:4      | Slain by mistaj's ghost

Vanquished Creatures
  2 yaks (D:8 D:7)
  A wyvern (D:7)
  2 sky beasts (D:7)
  4 black bears (D:3 D:6 D:7 D:8)
  An ice beast (D:6)
  3 ogres (D:5 D:6)
  4 phantoms (D:5 D:6)
  A kobold brigand (D:7)
  2 necrophages (D:5 D:8)
  2 bullfrogs (D:6 D:8)
  2 scorpions (D:4)
  7 wights (D:6 D:8)
  6 howler monkeys (D:7 D:8)
  5 hounds (D:5 D:6)
  5 jellies (D:4 D:6 D:7 D:8)
  3 orc priests (D:4 D:6 D:8)
  An iguana (D:6)
  4 orc wizards (D:4 D:8)
  5 adders (D:2 D:4 D:5 D:6)
  2 shadow imps (D:5 D:7)
  A white imp (D:8)
  2 ufetubi (D:4 D:5)
  7 dart slugs (D:1 D:2 D:4)
  18 orcs (D:3 D:4 D:7 D:8)
  3 ball pythons (D:1 D:2 D:3)
  6 endoplasms (D:1 D:2 D:3)
  A giant cockroach (D:2)
  4 goblins (D:1 D:4)
  8 hobgoblins (D:1 D:2 D:4)
  9 kobolds (D:1 D:2 D:4 D:7)
  A quokka (D:4)
  3 bats (D:1 D:2)
  2 frilled lizards (D:1 D:2)
  3 rats (D:1 D:2 D:3)
130 creatures vanquished.

Vanquished Creatures (others)
  A wizard (D:6)
1 creature vanquished.

Grand Total: 131 creatures vanquished

Table legend: (Time is in decaauts)
 A = Elapsed time spent in this place.
 B = Non-inter-level travel time spent in this place.
 C = Inter-level travel time spent in this place.
 D = Time resting spent in this place.
 E = Time spent auto-exploring this place.
 F = Levels seen in this place.
 G = Mean time per level.
                   A        B        C        D        E       F      G
               +--------+--------+--------+--------+--------+-----+--------+
         Total |   7768 |   7402 |    366 |    347 |   5553 |   8 |  971.0 |
       Dungeon |   7768 |   7402 |    366 |    347 |   5553 |   8 |  971.0 |
               +--------+--------+--------+--------+--------+-----+--------+

Top non-repeatable levels by time:
     D:4: 1240 daAuts
     D:5: 1165 daAuts
     D:6: 1154 daAuts
     D:2: 1041 daAuts
     D:1: 904 daAuts
     D:7: 890 daAuts
     D:3: 756 daAuts
     D:8: 615 daAuts

Table legend:
 A = Non-vault XP
 B = Vault XP
 C = Vault XP percentage of total XP
 D = Non-vault monster count
 E = Vault monster count
 F = Vault count percentage of total count
                 A         B        C        D         E       F
            +---------+---------+-------+---------+---------+-------
      Total |    4719 |       0 |   0.0 |     130 |       0 |   0.0
            +---------+---------+-------+---------+---------+-------
        D:1 |      30 |       0 |   0.0 |      15 |       0 |   0.0
        D:2 |      43 |       0 |   0.0 |      16 |       0 |   0.0
        D:3 |     149 |       0 |   0.0 |      10 |       0 |   0.0
        D:4 |     376 |       0 |   0.0 |      22 |       0 |   0.0
        D:5 |     610 |       0 |   0.0 |       9 |       0 |   0.0
        D:6 |    1189 |       0 |   0.0 |      18 |       0 |   0.0
        D:7 |    1128 |       0 |   0.0 |      22 |       0 |   0.0
        D:8 |    1194 |       0 |   0.0 |      18 |       0 |   0.0
            +---------+---------+-------+---------+---------+-------
